 Dungeon Sprint DCSS version 0.30-a0-250-g41c1d76940 (webtiles) character file.

Game seed: 10123764861198449244

7900000 ytrimaz the Conqueror (level 27, 0/249 HPs)
             Began as a Demonspawn Monk on Oct 12, 2022.
             Was the Champion of Makhleb.
             Killed from afar by a dread (26 damage)
             ... with damnation
             ... in the Dungeon (Sprint VIII: "Arena of Blood").
             The game lasted 00:03:25 (79 turns).

ytrimaz the Conqueror (Demonspawn Monk)               Turns: 79, Time: 00:03:25

Health: 0/249      AC:  8    Str: 12    XL:     27
Magic:  54/54      EV: 46    Int: 13    God:    Makhleb [******]
Gold:   0          SH:  0    Dex: 28    Spells: 80/80 levels left

rFire   . . .      SeeInvis +    j - +∞ Axe of Woe
rCold   + . .      Faith    .    (shield currently unavailable)
rNeg    . . .      Spirit   .    b - +0 robe
rPois   .          Reflect  .    (helmet unavailable)
rElec   .          Harm     .    (no cloak)
rCorr   .          Rampage  .    (no gloves)
Will    ++...      NoTele   +    (no boots)
Stlth   ++++++++++               (no amulet)
HPRegen 0.61/turn                (no ring)
MPRegen 0.34/turn                (no ring)

@: mighty, agile, on word of chaos cooldown
A: antennae 3, icy blue scales 3, ignite blood 3, powered by pain 3, corrupting
presence 2, word of chaos
a: Word of Chaos, Renounce Religion, Minor Destruction, Lesser Servant of
Makhleb, Major Destruction, Greater Servant of Makhleb


You were in the Dungeon.
You worshipped Makhleb.
Makhleb was exalted by your worship.
You visited 1 branch


Innate Abilities, Weirdness & Mutations

You have a pair of large antennae on your head. (SInv)
You are completely covered in icy blue scales. (AC +4, rC+)
Your demonic aura causes all spilled blood to erupt in flames.
You are powered by pain.
Your presence sometimes corrodes or deforms those you injure.
You can speak a Word of Chaos.


   Skills:
 O Level 27 Fighting
 + Level 21.2(24.6) Short Blades
 + Level 21.3(24.6) Long Blades
 O Level 27 Axes
 O Level 27 Maces & Flails
 O Level 27 Polearms
 + Level 21.1(27) Staves
 + Level 21.2 Ranged Weapons
 + Level 21.2 Throwing
 O Level 27 Armour
 O Level 27 Dodging
 O Level 27 Stealth
 + Level 21.3 Shields
 O Level 27 Unarmed Combat
 O Level 27 Spellcasting
 + Level 22.7 Conjurations
 + Level 23.0 Hexes
 + Level 22.9 Summonings
 + Level 24.7 Necromancy
 + Level 21.1 Translocations
 + Level 21.1 Transmutations
 + Level 21.1 Fire Magic
 + Level 21.2 Ice Magic
 + Level 21.3 Air Magic
 + Level 21.3 Earth Magic
 + Level 22.9 Poison Magic
 O Level 27 Invocations
 + Level 22.8 Evocations


You had 80 spell levels left.
You didn't know any spells.
Your spell library was empty.

Inventory:

Hand Weapons
 a - a +0 hand axe
 j - the +∞ Axe of Woe (weapon)
   (You found it in the Dungeon)
Armour
 b - a +0 robe (worn)
Scrolls
 i - a scroll of blinking
Potions
 c - a potion of ambrosia
 d - a potion of curing
 e - a potion of heal wounds
 f - a potion of haste
 g - 2 potions of magic
 h - a potion of berserk rage

Dungeon Overview and Level Annotations

Branches:
Dungeon (1/1) Zot: 27000

Altars:
Makhleb

#... ..# #V.. #...
..# . OLOo###..D
..###..
.oLWV....###......
.#OO......_.....
....o..#.....# .
.....○.#_)<)_# ...
.....z)#.))).#....
#OooO○@))_)W.....
.o.O..○○)###......
oz.O###☼.2....###..
..o{ #.°D....# .


O{{{ #W......# ............. {......W....... ............... .............## You
could see a meat beast (wandering, fast), 2 tyrants, 2 eight-headed meat hydras,
2 destroyers, 2 sculptors of flesh, 3 large bags of meat, 2 dreads, 6 meat
berserkers, 2 wretched souls and 8 bags of meat.


Message History

Your experience leads to an increase in your attributes!
Increase (S)trength, (I)ntelligence, or (D)exterity?
You feel agile. x2 😨 HP[-2] MP[+5]
You now have 249 max hp (+24).
Your mp is fully restored (54).
Unknown command.
Unknown command.
Unknown command.
Unknown command.
Unknown command.
The destroyer shouts!
You slice the meat beast!!
Your corrupting presence corrodes the meat beast!
You chop the meat beast into pieces.
You kill the meat beast!
Makhleb accepts your kill.
You feel better.
You feel yourself speed up.
A meat berserker comes into view. It is wielding a +9 battleaxe.
The meat berserker rages.
You hear a shout! x4
The dread throws damnation at you.
The sphere of damnation explodes!
The damnation engulfs you!!
* * * LOW HITPOINT WARNING * * *
You focus on the pain.
You feel mightier all of a sudden.
A bag of meat comes into view. It is wielding a +9 war axe.
You hear a shout!
A bag of meat comes into view. It is wielding a +9 war axe.
You hear a shout!
A wretched soul comes into view.
You hear a shout!
A large bag of meat comes into view. It is wielding a +9 giant spiked club.
A tyrant comes into view.
You hear a shout!
The eight-headed meat hydra calls on the powers of darkness!
The eight-headed meat hydra convulses!
The meat berserker convulses!
The bag of meat convulses! x3
Your body is wracked with pain!
* * * LOW HITPOINT WARNING * * *
The bag of meat convulses!
The meat berserker convulses! x2
A meat berserker comes into view. It is wielding a +9 battleaxe.
You hear a shout! x3
Your base Short Blades skill increases to level 21!
Your base Long Blades skill increases to level 21!
Your base Staves skill increases to level 21!
Your Ranged Weapons skill increases to level 21!
Your Throwing skill increases to level 21!
Your Shields skill increases to level 21!
Your Conjurations skill increases to level 22!
Your Summonings skill increases to level 22!
Your Necromancy skill increases to level 24!
Your Translocations skill increases to level 21!
Your Transmutations skill increases to level 21!
Your Fire Magic skill increases to level 21!
Your Ice Magic skill increases to level 21!
Your Air Magic skill increases to level 21!
Your Earth Magic skill increases to level 21!
Your Poison Magic skill increases to level 22!
Your Evocations skill increases to level 22! 😱 HP[-37]
You take 37 damage, and now have 48/249 hp.
Unknown command.
Unknown command.
You slice the sculptor of flesh!!
You cleave the sculptor of flesh in twain.
You destroy the sculptor of flesh!
Makhleb accepts your kill.
You hear two shouts!
You hear a shout! x2
The meat berserker rages.
You hear a shout! x2
The tyrant casts a spell.
The tyrant seems to speed up.
A destroyer comes into view. It is wielding a +9 vorpal great sword.
A bag of meat comes into view. It is wielding a +9 war axe. x2
The eight-headed meat hydra calls on the powers of darkness!
The eight-headed meat hydra convulses!
The meat berserker convulses!
Your body is wracked with pain!
* * * LOW HITPOINT WARNING * * *
The bag of meat convulses! x3; The meat berserker convulses!
You hear a shout!
The meat beast gurgles, "Repent, thou infectious base-court skainsmate!"
The meat beast completely misses you.
The meat beast tramples you but does no damage.
You hear a shout!
You hear two shouts!
You hear a shout!
Your Hexes skill increases to level 23! 😱 HP[-23]
You take 23 damage, and now have 25/249 hp.
Unknown command.
You slice the meat beast!! You chop the meat beast into pieces.
You kill the meat beast!
Makhleb accepts your kill.
The meat beast appears out of thin air!
A meat beast comes into view.
You hear a shout! x4
A large bag of meat comes into view. It is wielding a +9 giant spiked club.
You hear a shout!
The dread throws damnation at you.
The sphere of damnation explodes!
The damnation engulfs you!!
You die...

Skill      XL: |  1  2  3  4  5  6  7  8  9 10 11 12 13 14 15 16 17 18 19 20 21 22 23 24 25 26 27 |
---------------+----------------------------------------------------------------------------------+-----
Fighting       | 13 17 20 22 25 27 | 27.0
Axes           | 12 16 19 20 24 27 | 27.0
Dodging        | 12 16 19 20 24 27 | 27.0
Stealth        | 13 17 20 22 25 27 | 27.0
Maces & Flails | 2 9 16 19 24 27 | 27.0
Polearms       | 2 9 16 19 24 27 | 27.0
Armour         | 2 9 16 19 24 27 | 27.0
Unarmed Combat | 2 9 16 19 24 27 | 27.0
Spellcasting   | 2 9 16 19 24 27 | 27.0
Invocations    | 4 13 22 26 27 | 27.0
Short Blades   | 2 13 15 19 20 21 | 21.2
Long Blades    | 2 13 15 20 21 | 21.3
Staves         | 2 13 15 19 20 21 | 21.1
Ranged Weapons | 2 13 15 19 20 21 | 21.2
Throwing       | 2 13 15 19 20 21 | 21.2
Shields        | 2 13 15 20 21 | 21.3
Conjurations   | 2 14 16 21 22 | 22.7
Hexes          | 2 14 16 21 22 23 | 23.0
Summonings     | 2 14 16 21 22 | 22.9
Necromancy     | 3 15 18 23 24 | 24.7
Translocations | 2 13 15 19 20 21 | 21.1
Transmutations | 2 13 15 19 20 21 | 21.1
Fire Magic     | 2 12 15 19 20 21 | 21.1
Ice Magic      | 2 13 15 20 21 | 21.2
Air Magic      | 2 13 15 19 20 21 | 21.3
Earth Magic    | 2 13 15 19 20 21 | 21.3
Poison Magic   | 2 14 16 21 22 | 22.9
Evocations     | 2 14 16 21 22 | 22.8

Action                   |  1- 3 |  4- 6 |  7- 9 | 10-12 | 13-15 | 16-18 | 19-21 | 22-24 | 25-27 || total
-------------------------+-------+-------+-------+-------+-------+-------+-------+-------+-------++-------
Melee: Executioner's axe |     1 |       |       |     1 |     7 |    13 |    11 |     6 |    10 ||    49
 Abil: Word of Chaos     |       |       |       |       |       |       |       |       |     1 ||     1
 Stab: Distracted        |       |       |       |       |     1 |       |       |       |       ||     1
Armor: Robe              |       |       |       |       |       |       |     3 |       |     3 ||     6
Dodge: Dodged            |       |       |       |       |     1 |       |     4 |     1 |     6 ||    12

Levels and vault maps discovered:
D:        meatsprint

Notes
Turn   | Place    | Note
-------+----------+-------------------------------------------
     0 | D        | Found the +∞ Axe of Woe
     0 | D        | ytrimaz the Demonspawn Monk began the quest for the Orb.
     0 | D        | Reached XP level 1. HP: 18/18 MP: 1/1
     0 | D        | magus.rc [v1.9.6]
     1 | D        | Noticed a bag of meat
     1 | D        | Noticed a bag of meat
     2 | D        | Noticed a bag of meat
     3 | D        | Noticed a bag of meat
     5 | D        | Noticed a bag of meat
     6 | D        | Became a worshipper of Makhleb the Destroyer
     6 | D        | Reached * piety under Makhleb
     6 | D        | Reached ** piety under Makhleb
     6 | D        | Noticed a bag of meat
     7 | D        | Killed a bag of meat
     7 | D        | Noticed a meat berserker
     7 | D        | Noticed a bag of meat
     8 | D        | Reached skill level 13 in Fighting
     8 | D        | Reached skill level 12 in Axes
     8 | D        | Reached skill level 12 in Dodging
     8 | D        | Reached skill level 13 in Stealth
     8 | D        | Gained mutation: You sometimes gain a little power by
                  | taking damage. [demonic ancestry]
     8 | D        | Reached XP level 2. HP: 40/40 MP: 2/2
     8 | D        | Reached XP level 3. HP: 46/46 MP: 3/3
     8 | D        | Reached XP level 4. HP: 53/53 MP: 4/4
     8 | D        | Reached XP level 5. HP: 59/59 MP: 5/5
     8 | D        | Gained mutation: You are partially covered in icy blue
                  | scales. (AC +2) [demonic ancestry]
     8 | D        | Reached XP level 6. HP: 66/66 MP: 6/6
     8 | D        | Gained mutation: You have a pair of small antennae on your
                  | head. [demonic ancestry]
     8 | D        | Reached XP level 7. HP: 72/72 MP: 7/7
     8 | D        | Gained mutation: Your demonic aura sometimes causes spilled
                  | blood to erupt in flames. [demonic ancestry]
     8 | D        | Reached XP level 8. HP: 79/79 MP: 8/8
     8 | D        | Gained mutation: You sometimes gain power by taking damage.
                  | [demonic ancestry]
     8 | D        | Reached XP level 9. HP: 85/85 MP: 9/9
     8 | D        | Reached XP level 10. HP: 92/92 MP: 10/10
    10 | D        | Killed a bag of meat
    10 | D        | Killed a bag of meat
    10 | D        | Killed a bag of meat
    10 | D        | Reached *** piety under Makhleb
    10 | D        | Noticed a meat berserker
    11 | D        | Reached skill level 17 in Fighting
    11 | D        | Reached skill level 16 in Axes
    11 | D        | Reached skill level 16 in Dodging
    11 | D        | Reached skill level 17 in Stealth
    11 | D        | Reached XP level 11. HP: 108/108 MP: 11/11
    11 | D        | Gained mutation: Your demonic aura often causes spilled
                  | blood to erupt in flames. [demonic ancestry]
    11 | D        | Reached XP level 12. HP: 116/116 MP: 12/12
    11 | D        | Gained mutation: You are mostly covered in icy blue scales.
                  | (AC +3) [demonic ancestry]
    11 | D        | Reached XP level 13. HP: 122/122 MP: 13/13
    11 | D        | Noticed a bag of meat
    11 | D        | Killed a meat berserker
    12 | D        | Reached skill level 19 in Fighting
    12 | D        | Reached skill level 17 in Axes
    12 | D        | Reached skill level 17 in Dodging
    12 | D        | Reached skill level 19 in Stealth
    12 | D        | Killed a bag of meat
    12 | D        | Killed a bag of meat
    12 | D        | Reached **** piety under Makhleb
    12 | D        | Noticed a bag of meat
    13 | D        | Reached skill level 20 in Fighting
    13 | D        | Reached skill level 19 in Axes
    13 | D        | Reached skill level 19 in Dodging
    13 | D        | Reached skill level 20 in Stealth
    13 | D        | Reached XP level 14. HP: 136/136 MP: 14/14
    14 | D        | Killed a meat berserker
    14 | D        | Killed a bag of meat
    14 | D        | Noticed a bag of meat
    15 | D        | Reached skill level 22 in Fighting
    15 | D        | Reached skill level 20 in Axes
    15 | D        | Reached skill level 20 in Dodging
    15 | D        | Reached skill level 22 in Stealth
    15 | D        | Gained mutation: You are completely covered in icy blue
                  | scales. (AC +4, rC+) [demonic ancestry]
    15 | D        | Reached XP level 15. HP: 142/147 MP: 15/15
    15 | D        | Reached ***** piety under Makhleb
    16 | D        | Reached skill level 21 in Axes
    16 | D        | Reached skill level 21 in Dodging
    17 | D        | Noticed a meat berserker
    19 | D        | Reached skill level 23 in Fighting
    19 | D        | Reached skill level 23 in Stealth
    19 | D        | Noticed a large bag of meat
    19 | D        | Killed a large bag of meat
    19 | D        | Noticed a meat berserker
    20 | D        | Reached skill level 24 in Fighting
    20 | D        | Reached skill level 22 in Axes
    20 | D        | Reached skill level 22 in Dodging
    20 | D        | Reached skill level 24 in Stealth
    21 | D        | Killed a meat berserker
    21 | D        | Noticed a meat berserker
    22 | D        | Reached skill level 25 in Fighting
    22 | D        | Reached skill level 24 in Axes
    22 | D        | Reached skill level 24 in Dodging
    22 | D        | Reached skill level 25 in Stealth
    22 | D        | Gained mutation: You have a pair of antennae on your head.
                  | [demonic ancestry]
    22 | D        | Reached XP level 16. HP: 83/164 MP: 16/16
    23 | D        | Noticed a large bag of meat
    24 | D        | Killed a large bag of meat
    25 | D        | Reached skill level 26 in Fighting
    25 | D        | Reached skill level 26 in Stealth
    26 | D        | Killed a meat berserker
    26 | D        | Killed a meat berserker
    27 | D        | Reached skill level 27 in Fighting
    27 | D        | Reached skill level 27 in Axes
    27 | D        | Reached skill level 27 in Dodging
    27 | D        | Reached skill level 27 in Stealth
    27 | D        | Reached skill level 2 in Maces & Flails
    27 | D        | Reached skill level 2 in Polearms
    27 | D        | Reached skill level 2 in Armour
    27 | D        | Reached skill level 2 in Unarmed Combat
    27 | D        | Reached skill level 2 in Spellcasting
    27 | D        | Reached skill level 4 in Invocations
    27 | D        | Reached XP level 17. HP: 163/174 MP: 16/21
    28 | D        | Noticed a meat berserker
    29 | D        | Noticed an eight-headed meat hydra
    30 | D        | Reached ****** piety under Makhleb
    31 | D        | Reached skill level 4 in Maces & Flails
    31 | D        | Reached skill level 4 in Polearms
    31 | D        | Reached skill level 4 in Armour
    31 | D        | Reached skill level 4 in Unarmed Combat
    31 | D        | Reached skill level 4 in Spellcasting
    31 | D        | Reached skill level 7 in Invocations
    31 | D        | Killed a meat berserker
    31 | D        | Noticed a destroyer
    32 | D        | Reached skill level 7 in Maces & Flails
    32 | D        | Reached skill level 7 in Polearms
    32 | D        | Reached skill level 7 in Armour
    32 | D        | Reached skill level 7 in Unarmed Combat
    32 | D        | Reached skill level 7 in Spellcasting
    32 | D        | Reached skill level 10 in Invocations
    34 | D        | Reached skill level 8 in Maces & Flails
    34 | D        | Reached skill level 8 in Polearms
    34 | D        | Reached skill level 8 in Armour
    34 | D        | Reached skill level 8 in Unarmed Combat
    34 | D        | Reached skill level 8 in Spellcasting
    34 | D        | Reached skill level 11 in Invocations
    35 | D        | Reached skill level 12 in Invocations
    35 | D        | Noticed a meat berserker
    35 | D        | Noticed a destroyer
    36 | D        | Reached skill level 9 in Maces & Flails
    36 | D        | Reached skill level 9 in Polearms
    36 | D        | Reached skill level 9 in Armour
    36 | D        | Reached skill level 9 in Unarmed Combat
    36 | D        | Reached skill level 9 in Spellcasting
    36 | D        | Reached skill level 13 in Invocations
    36 | D        | Noticed a destroyer
    37 | D        | Noticed a sculptor of flesh
    38 | D        | Gained mutation: You have a pair of large antennae on your
                  | head. (SInv) [demonic ancestry]
    38 | D        | Reached XP level 18. HP: 182/182 MP: 17/31
    39 | D        | Reached skill level 10 in Maces & Flails
    39 | D        | Reached skill level 10 in Polearms
    39 | D        | Reached skill level 10 in Armour
    39 | D        | Reached skill level 10 in Unarmed Combat
    39 | D        | Reached skill level 10 in Spellcasting
    39 | D        | Reached skill level 14 in Invocations
    41 | D        | Killed a meat berserker
    42 | D        | Reached skill level 11 in Maces & Flails
    42 | D        | Reached skill level 11 in Polearms
    42 | D        | Reached skill level 11 in Armour
    42 | D        | Reached skill level 11 in Unarmed Combat
    42 | D        | Reached skill level 11 in Spellcasting
    42 | D        | Reached skill level 16 in Invocations
    42 | D        | Killed a destroyer
    42 | D        | Noticed a destroyer
    43 | D        | Reached skill level 13 in Maces & Flails
    43 | D        | Reached skill level 13 in Polearms
    43 | D        | Reached skill level 13 in Armour
    43 | D        | Reached skill level 13 in Unarmed Combat
    43 | D        | Reached skill level 13 in Spellcasting
    43 | D        | Reached skill level 18 in Invocations
    43 | D        | Noticed a meat berserker
    43 | D        | Noticed a sculptor of flesh
    43 | D        | Noticed a destroyer
    44 | D        | Killed a destroyer
    45 | D        | Reached skill level 14 in Maces & Flails
    45 | D        | Reached skill level 14 in Polearms
    45 | D        | Reached skill level 14 in Armour
    45 | D        | Reached skill level 14 in Unarmed Combat
    45 | D        | Reached skill level 14 in Spellcasting
    45 | D        | Reached skill level 20 in Invocations
    45 | D        | Killed a destroyer
    45 | D        | Killed a sculptor of flesh
    46 | D        | Reached skill level 16 in Maces & Flails
    46 | D        | Reached skill level 16 in Polearms
    46 | D        | Reached skill level 16 in Armour
    46 | D        | Reached skill level 16 in Unarmed Combat
    46 | D        | Reached skill level 16 in Spellcasting
    46 | D        | Reached skill level 22 in Invocations
    46 | D        | Reached XP level 19. HP: 154/189 MP: 33/39
    46 | D        | Noticed an accursed
    46 | D        | Noticed a destroyer
    46 | D        | Noticed a meat berserker
    46 | D        | Noticed a meat berserker
    46 | D        | Noticed an eight-headed meat hydra
    46 | D        | Noticed a destroyer
    46 | D        | Noticed an accursed
    46 | D        | Noticed a meat berserker
    46 | D        | Noticed a destroyer
    47 | D        | Killed a nine-headed meat hydra
    47 | D        | Killed a destroyer
    47 | D        | Noticed a destroyer
    48 | D        | Reached skill level 17 in Maces & Flails
    48 | D        | Reached skill level 17 in Polearms
    48 | D        | Reached skill level 17 in Armour
    48 | D        | Reached skill level 17 in Unarmed Combat
    48 | D        | Reached skill level 18 in Spellcasting
    48 | D        | Reached skill level 24 in Invocations
    48 | D        | Killed a destroyer
    48 | D        | Killed a destroyer
    49 | D        | Reached skill level 19 in Maces & Flails
    49 | D        | Reached skill level 19 in Polearms
    49 | D        | Reached skill level 19 in Armour
    49 | D        | Reached skill level 19 in Unarmed Combat
    49 | D        | Reached skill level 19 in Spellcasting
    49 | D        | Reached skill level 26 in Invocations
    49 | D        | Gained mutation: Your presence sometimes corrodes those you
                  | injure. [demonic ancestry]
    49 | D        | Reached XP level 20. HP: 183/197 MP: 34/43
    49 | D        | Noticed a tyrant
    49 | D        | Killed a meat berserker
    50 | D        | Reached skill level 20 in Maces & Flails
    50 | D        | Reached skill level 20 in Polearms
    50 | D        | Reached skill level 20 in Armour
    50 | D        | Reached skill level 20 in Unarmed Combat
    50 | D        | Reached skill level 20 in Spellcasting
    50 | D        | Reached skill level 27 in Invocations
    50 | D        | Noticed an accursed
    50 | D        | Noticed a meat berserker
    51 | D        | Killed a destroyer
    51 | D        | Killed a meat berserker
    51 | D        | Noticed a meat berserker
    52 | D        | Reached skill level 21 in Maces & Flails
    52 | D        | Reached skill level 21 in Polearms
    52 | D        | Reached skill level 21 in Armour
    52 | D        | Reached skill level 21 in Unarmed Combat
    52 | D        | Reached skill level 21 in Spellcasting
    52 | D        | Noticed an accursed
    52 | D        | Killed a meat berserker
    53 | D        | Reached skill level 22 in Maces & Flails
    53 | D        | Reached skill level 22 in Polearms
    53 | D        | Reached skill level 22 in Armour
    53 | D        | Reached skill level 22 in Spellcasting
    53 | D        | Killed a meat berserker
    54 | D        | Reached skill level 22 in Unarmed Combat
    54 | D        | Killed a destroyer
    54 | D        | Noticed a meat berserker
    55 | D        | Reached skill level 23 in Maces & Flails
    55 | D        | Reached skill level 23 in Polearms
    55 | D        | Reached skill level 23 in Armour
    55 | D        | Reached skill level 23 in Unarmed Combat
    55 | D        | Reached skill level 23 in Spellcasting
    55 | D        | Noticed a meat berserker
    55 | D        | Noticed a meat berserker
    56 | D        | Killed a destroyer
    56 | D        | Noticed a tyrant
    57 | D        | Reached skill level 24 in Maces & Flails
    57 | D        | Reached skill level 24 in Polearms
    57 | D        | Reached skill level 24 in Armour
    57 | D        | Reached skill level 24 in Unarmed Combat
    57 | D        | Reached skill level 24 in Spellcasting
    57 | D        | Gained mutation: Your demonic aura causes all spilled blood
                  | to erupt in flames. [demonic ancestry]
    57 | D        | Reached XP level 21. HP: 159/204 MP: 45/49
    58 | D        | Killed an accursed
    59 | D        | Reached skill level 27 in Maces & Flails
    59 | D        | Reached skill level 27 in Polearms
    59 | D        | Reached skill level 27 in Armour
    59 | D        | Reached skill level 27 in Unarmed Combat
    59 | D        | Reached skill level 27 in Spellcasting
    59 | D        | Reached skill level 2 in Short Blades
    59 | D        | Reached skill level 2 in Long Blades
    59 | D        | Reached skill level 2 in Staves
    59 | D        | Reached skill level 2 in Ranged Weapons
    59 | D        | Reached skill level 2 in Throwing
    59 | D        | Reached skill level 2 in Shields
    59 | D        | Reached skill level 2 in Conjurations
    59 | D        | Reached skill level 2 in Hexes
    59 | D        | Reached skill level 2 in Summonings
    59 | D        | Reached skill level 3 in Necromancy
    59 | D        | Reached skill level 2 in Translocations
    59 | D        | Reached skill level 2 in Transmutations
    59 | D        | Reached skill level 2 in Fire Magic
    59 | D        | Reached skill level 2 in Ice Magic
    59 | D        | Reached skill level 2 in Air Magic
    59 | D        | Reached skill level 2 in Earth Magic
    59 | D        | Reached skill level 2 in Poison Magic
    59 | D        | Reached skill level 2 in Evocations
    59 | D        | Gained mutation: You are powered by pain. [demonic
                  | ancestry]
    59 | D        | Reached XP level 22. HP: 107/212 MP: 46/53
    59 | D        | Noticed The Captor
    59 | D        | Killed an accursed
    60 | D        | Reached skill level 5 in Short Blades
    60 | D        | Reached skill level 5 in Long Blades
    60 | D        | Reached skill level 5 in Staves
    60 | D        | Reached skill level 5 in Ranged Weapons
    60 | D        | Reached skill level 5 in Throwing
    60 | D        | Reached skill level 5 in Shields
    60 | D        | Reached skill level 6 in Conjurations
    60 | D        | Reached skill level 6 in Hexes
    60 | D        | Reached skill level 6 in Summonings
    60 | D        | Reached skill level 7 in Necromancy
    60 | D        | Reached skill level 5 in Translocations
    60 | D        | Reached skill level 5 in Transmutations
    60 | D        | Reached skill level 5 in Fire Magic
    60 | D        | Reached skill level 5 in Ice Magic
    60 | D        | Reached skill level 5 in Air Magic
    60 | D        | Reached skill level 6 in Earth Magic
    60 | D        | Reached skill level 6 in Poison Magic
    60 | D        | Reached skill level 6 in Evocations
    60 | D        | Noticed a large bag of meat
    61 | D        | Killed The Captor
    61 | D        | Killed an accursed
    61 | D        | Killed an accursed
    62 | D        | Reached skill level 13 in Short Blades
    62 | D        | Reached skill level 13 in Long Blades
    62 | D        | Reached skill level 13 in Staves
    62 | D        | Reached skill level 13 in Ranged Weapons
    62 | D        | Reached skill level 13 in Throwing
    62 | D        | Reached skill level 13 in Shields
    62 | D        | Reached skill level 14 in Conjurations
    62 | D        | Reached skill level 14 in Hexes
    62 | D        | Reached skill level 14 in Summonings
    62 | D        | Reached skill level 15 in Necromancy
    62 | D        | Reached skill level 13 in Translocations
    62 | D        | Reached skill level 13 in Transmutations
    62 | D        | Reached skill level 12 in Fire Magic
    62 | D        | Reached skill level 13 in Ice Magic
    62 | D        | Reached skill level 13 in Air Magic
    62 | D        | Reached skill level 13 in Earth Magic
    62 | D        | Reached skill level 14 in Poison Magic
    62 | D        | Reached skill level 14 in Evocations
    62 | D        | Gained mutation: Your presence sometimes corrodes or
                  | deforms those you injure. [demonic ancestry]
    62 | D        | Reached XP level 23. HP: 206/219 MP: 47/54
    62 | D        | Reached XP level 24. HP: 213/227 MP: 47/54
    63 | D        | Reached skill level 13 in Fire Magic
    63 | D        | Killed a tyrant
    63 | D        | Noticed a large bag of meat
    64 | D        | Reached skill level 14 in Short Blades
    64 | D        | Reached skill level 14 in Long Blades
    64 | D        | Reached skill level 14 in Staves
    64 | D        | Reached skill level 14 in Ranged Weapons
    64 | D        | Reached skill level 14 in Throwing
    64 | D        | Reached skill level 14 in Shields
    64 | D        | Reached skill level 15 in Conjurations
    64 | D        | Reached skill level 15 in Hexes
    64 | D        | Reached skill level 15 in Summonings
    64 | D        | Reached skill level 16 in Necromancy
    64 | D        | Reached skill level 14 in Translocations
    64 | D        | Reached skill level 14 in Transmutations
    64 | D        | Reached skill level 14 in Fire Magic
    64 | D        | Reached skill level 14 in Ice Magic
    64 | D        | Reached skill level 14 in Air Magic
    64 | D        | Reached skill level 14 in Earth Magic
    64 | D        | Reached skill level 15 in Poison Magic
    64 | D        | Reached skill level 15 in Evocations
    65 | D        | Noticed a dread
    66 | D        | Reached skill level 16 in Hexes
    66 | D        | Reached skill level 16 in Summonings
    66 | D        | Reached skill level 17 in Necromancy
    66 | D        | Reached skill level 16 in Poison Magic
    66 | D        | Reached skill level 16 in Evocations
    66 | D        | Killed a tyrant
    67 | D        | Reached skill level 15 in Short Blades
    67 | D        | Reached skill level 15 in Long Blades
    67 | D        | Reached skill level 15 in Staves
    67 | D        | Reached skill level 15 in Ranged Weapons
    67 | D        | Reached skill level 15 in Throwing
    67 | D        | Reached skill level 15 in Shields
    67 | D        | Reached skill level 16 in Conjurations
    67 | D        | Reached skill level 18 in Necromancy
    67 | D        | Reached skill level 15 in Translocations
    67 | D        | Reached skill level 15 in Transmutations
    67 | D        | Reached skill level 15 in Fire Magic
    67 | D        | Reached skill level 15 in Ice Magic
    67 | D        | Reached skill level 15 in Air Magic
    67 | D        | Reached skill level 15 in Earth Magic
    67 | D        | Reached XP level 25. HP: 221/234 MP: 54/54
    67 | D        | Noticed a meat beast
    68 | D        | Reached skill level 17 in Hexes
    68 | D        | Reached skill level 17 in Summonings
    68 | D        | Reached skill level 17 in Poison Magic
    68 | D        | Reached skill level 17 in Evocations
    69 | D        | Reached skill level 16 in Short Blades
    69 | D        | Reached skill level 16 in Long Blades
    69 | D        | Reached skill level 16 in Shields
    69 | D        | Reached skill level 17 in Conjurations
    69 | D        | Reached skill level 16 in Translocations
    69 | D        | Noticed a dread
    69 | D        | Killed a large bag of meat
    69 | D        | Killed a large bag of meat
    69 | D        | Noticed a meat beast
    69 | D        | Noticed a meat beast
    70 | D        | Reached skill level 16 in Staves
    70 | D        | Reached skill level 16 in Ranged Weapons
    70 | D        | Reached skill level 16 in Throwing
    70 | D        | Reached skill level 18 in Hexes
    70 | D        | Reached skill level 19 in Necromancy
    70 | D        | Reached skill level 16 in Transmutations
    70 | D        | Reached skill level 16 in Fire Magic
    70 | D        | Reached skill level 16 in Ice Magic
    70 | D        | Reached skill level 16 in Air Magic
    70 | D        | Reached skill level 16 in Earth Magic
    70 | D        | Killed a meat beast
    71 | D        | Reached skill level 17 in Short Blades
    71 | D        | Reached skill level 17 in Long Blades
    71 | D        | Reached skill level 17 in Staves
    71 | D        | Reached skill level 17 in Ranged Weapons
    71 | D        | Reached skill level 17 in Throwing
    71 | D        | Reached skill level 17 in Shields
    71 | D        | Reached skill level 18 in Conjurations
    71 | D        | Reached skill level 19 in Hexes
    71 | D        | Reached skill level 19 in Summonings
    71 | D        | Reached skill level 20 in Necromancy
    71 | D        | Reached skill level 17 in Translocations
    71 | D        | Reached skill level 17 in Transmutations
    71 | D        | Reached skill level 17 in Fire Magic
    71 | D        | Reached skill level 17 in Ice Magic
    71 | D        | Reached skill level 17 in Air Magic
    71 | D        | Reached skill level 17 in Earth Magic
    71 | D        | Reached skill level 19 in Poison Magic
    71 | D        | Reached skill level 19 in Evocations
    71 | D        | Noticed a destroyer
    72 | D        | Reached skill level 18 in Short Blades
    72 | D        | Reached skill level 18 in Long Blades
    72 | D        | Reached skill level 18 in Throwing
    72 | D        | Reached skill level 18 in Shields
    72 | D        | Reached skill level 19 in Conjurations
    72 | D        | Reached skill level 21 in Necromancy
    72 | D        | Reached skill level 18 in Translocations
    72 | D        | Reached skill level 18 in Ice Magic
    72 | D        | Reached skill level 18 in Air Magic
    72 | D        | Reached skill level 18 in Earth Magic
    72 | D        | Noticed a destroyer
    72 | D        | Noticed a meat beast
    73 | D        | Killed a dread
    73 | D        | Killed a meat beast
    73 | D        | Noticed a destroyer
    74 | D        | Reached skill level 19 in Short Blades
    74 | D        | Reached skill level 20 in Long Blades
    74 | D        | Reached skill level 19 in Staves
    74 | D        | Reached skill level 19 in Ranged Weapons
    74 | D        | Reached skill level 19 in Throwing
    74 | D        | Reached skill level 20 in Shields
    74 | D        | Reached skill level 21 in Conjurations
    74 | D        | Reached skill level 21 in Hexes
    74 | D        | Reached skill level 21 in Summonings
    74 | D        | Reached skill level 23 in Necromancy
    74 | D        | Reached skill level 19 in Translocations
    74 | D        | Reached skill level 19 in Transmutations
    74 | D        | Reached skill level 19 in Fire Magic
    74 | D        | Reached skill level 20 in Ice Magic
    74 | D        | Reached skill level 19 in Air Magic
    74 | D        | Reached skill level 19 in Earth Magic
    74 | D        | Reached skill level 21 in Poison Magic
    74 | D        | Reached skill level 21 in Evocations
    74 | D        | Gained mutation: You can speak a Word of Chaos. [demonic
                  | ancestry]
    74 | D        | Reached XP level 26. HP: 118/242 MP: 54/54
    74 | D        | Noticed a large bag of meat
    74 | D        | Noticed a tyrant
    74 | D        | Noticed a tyrant
    74 | D        | Noticed a dread
    75 | D        | Noticed a meat beast
    76 | D        | Killed a destroyer
    76 | D        | Noticed a meat beast
    76 | D        | Noticed a destroyer
    77 | D        | Reached skill level 20 in Short Blades
    77 | D        | Reached skill level 20 in Staves
    77 | D        | Reached skill level 20 in Ranged Weapons
    77 | D        | Reached skill level 20 in Throwing
    77 | D        | Reached skill level 22 in Hexes
    77 | D        | Reached skill level 20 in Translocations
    77 | D        | Reached skill level 20 in Transmutations
    77 | D        | Reached skill level 20 in Fire Magic
    77 | D        | Reached skill level 20 in Air Magic
    77 | D        | Reached skill level 20 in Earth Magic
    77 | D        | Reached XP level 27. HP: 85/249 MP: 54/54
    77 | D        | Killed a meat beast
    77 | D        | Noticed a large bag of meat
    77 | D        | Noticed a tyrant
    77 | D        | HP: 48/249 [??? (45)]
    78 | D        | Reached skill level 21 in Short Blades
    78 | D        | Reached skill level 21 in Long Blades
    78 | D        | Reached skill level 21 in Staves
    78 | D        | Reached skill level 21 in Ranged Weapons
    78 | D        | Reached skill level 21 in Throwing
    78 | D        | Reached skill level 21 in Shields
    78 | D        | Reached skill level 22 in Conjurations
    78 | D        | Reached skill level 22 in Summonings
    78 | D        | Reached skill level 24 in Necromancy
    78 | D        | Reached skill level 21 in Translocations
    78 | D        | Reached skill level 21 in Transmutations
    78 | D        | Reached skill level 21 in Fire Magic
    78 | D        | Reached skill level 21 in Ice Magic
    78 | D        | Reached skill level 21 in Air Magic
    78 | D        | Reached skill level 21 in Earth Magic
    78 | D        | Reached skill level 22 in Poison Magic
    78 | D        | Reached skill level 22 in Evocations
    78 | D        | Noticed a destroyer
    79 | D        | Reached skill level 23 in Hexes
    79 | D        | Killed a meat beast
    79 | D        | Noticed a large bag of meat
    79 | D        | Killed from afar by a dread

Vanquished Creatures
  Sigmund (D)
  4 hell beasts (D)
  4 royal mummies (D)
  A wraith (D)
  10 vampire knights (D)
  22 ogres (D)
  4 two-headed ogres (D)
  2 liches (D)
  2 hydras (D)
  36 orcs (D)
  5 skeletal warriors (D)
91 creatures vanquished.

Table legend:
 A = Non-vault XP
 B = Vault XP
 C = Vault XP percentage of total XP
 D = Non-vault monster count
 E = Vault monster count
 F = Vault count percentage of total count
                 A         B        C        D         E       F
            +---------+---------+-------+---------+---------+-------
      Total | 1290990 |  373637 |  22.4 |      50 |      41 |  45.1
            +---------+---------+-------+---------+---------+-------
          D | 1290990 |  373637 |  22.4 |      50 |      41 |  45.1
            +---------+---------+-------+---------+---------+-------

Illustrated notes

Table legend:
 A = Kills in this place as a percentage of kills in entire the game.
 B = Kills by you in this place as a percentage of kills by you in the entire game.
 C = Kills by friends in this place as a percentage of kills by friends in the entire game.
 D = Other kills in this place as a percentage of other kills in the entire game.
 E = Experience gained in this place as a percentage of experience gained in the entire game.
 F = Experience gained in this place divided by the number of levels of this place that you have seen.
                   A       B       C       D       E      F
               +-------+-------+-------+-------+-------+----------------------
         Total | 100.0 | 100.0 |   N/A |   N/A | 100.0 | 1664627.0
       Dungeon | 100.0 | 100.0 |   N/A |   N/A | 100.0 | 1664627.0
               +-------+-------+-------+-------+-------+----------------------

Table legend: (Time is in decaauts)
 A = Elapsed time spent in this place.
 B = Non-inter-level travel time spent in this place.
 C = Inter-level travel time spent in this place.
 D = Time resting spent in this place.
 E = Time spent auto-exploring this place.
 F = Levels seen in this place.
 G = Mean time per level.
                   A        B        C        D        E       F      G
               +--------+--------+--------+--------+--------+-----+--------+
         Total |     72 |     72 |      0 |      0 |      0 |   1 |   72.0 |
       Dungeon |     72 |     72 |      0 |      0 |      0 |   1 |   72.0 |
               +--------+--------+--------+--------+--------+-----+--------+

Top non-repeatable levels by time:
       D: 72 daAuts
